 Dungeon Crawl Stone Soup version 0.26.1-2-gb8aa6d0cf2 (webtiles) character file.

Game seed: 10735331426449710545

10360 Dagix the Cleaver (level 11, 0/94 (100) HPs)
             Began as a Minotaur Berserker on Feb 12, 2021.
             Was a High Priest of Trog.
             Succumbed to a water moccasin's poison
             ... on level 11 of the Dungeon.
             The game lasted 00:53:35 (8850 turns).

Dagix the Cleaver (Minotaur Berserker)              Turns: 8850, Time: 00:53:38

HP:   0/94 (100)    AC: 19    Str: 25    XL:     11   Next: 35%
MP:   10/10         EV: 11    Int:  4    God:    Trog [*****.]
Gold: 571           SH:  0    Dex: 16    Spells: 10/10 levels left

rFire    . . .     SeeInvis .   M - +1 broad axe (flame)
rCold    + . .     Faith    .   (no shield)
rNeg     . . .     Spirit   .   L - +0 plate armour
rPois    .         Reflect  .   (helmet restricted)
rElec    .         Harm     .   T - +2 cloak
rCorr    .         Rampage  .   (no gloves)
Will     .....                  Z - +0 pair of boots
Stlth    ..........             (no amulet)
HPRegen  0.25/turn              k - +6 ring of dexterity
MPRegen  0.12/turn              X - ring of protection from cold

@: lethally poisoned (0 -> -6), slowed, drained, very slow
A: retaliatory headbutt, horns 2
a: Renounce Religion, Berserk, Trog's Hand, Brothers in Arms


You were on level 11 of the Dungeon.
You worshipped Trog.
Trog was extremely pleased with you.
You visited 3 branches of the dungeon, and saw 13 of its levels.

You collected 571 gold pieces.

Inventory:

Hand Weapons
 a - a +0 hand axe
 o - a +0 hand axe
 p - a +0 quarterstaff of draining
 r - a +4 war axe
 s - a +2 hand axe of electrocution
 E - a +4 short sword of holy wrath
 J - a +0 scythe
 M - a +1 broad axe of flaming (weapon)
Missiles
 g - 92 stones
Armour
 b - a +0 plate armour
 d - a +0 ring mail
 h - a +0 plate armour
 n - a +0 scale mail
 F - a +0 ring mail
 K - a +0 plate armour
 L - a +0 plate armour (worn)
 N - +0 steam dragon scales
 S - the +0 chain mail "Esagoet" {rN+}
   (You found it on level 7 of the Dungeon)

   It protects you from negative energy.
 T - a +2 cloak (worn)
 Z - a +0 pair of boots (worn)
Magical Staves
 O - an uncursed staff of earth {unknown}
Jewellery
 k - a +6 ring of dexterity (left hand)
 t - an uncursed ring of positive energy
 B - an uncursed ring of protection from fire
 Q - a -4 ring of evasion
 R - an uncursed ring of fire
 U - an uncursed ring of wizardry
 X - a ring of protection from cold (right hand)
Wands
 u - a wand of iceblast (8)
 v - a wand of flame (16)
 C - a wand of polymorph (15)
 D - a wand of random effects (9)
Scrolls
 e - a scroll of random uselessness
 i - a scroll of enchant weapon {unknown}
 l - 2 scrolls of teleportation
 q - 5 scrolls of remove curse
 y - 6 scrolls of identify
 H - 4 scrolls of enchant armour {unknown}
 V - 2 scrolls of fog {unknown}
 Y - 3 scrolls of fear {unknown}
Potions
 c - a potion of might
 f - 4 potions of attraction
 j - 4 potions of curing
 m - 4 potions of flight
 w - 3 potions of lignification
 x - 3 potions of brilliance {unknown}
 z - a potion of invisibility {unknown}
 G - 2 potions of degeneration {unknown}
 I - a potion of cancellation {unknown}
 P - 2 potions of mutation {unknown}
 W - 2 potions of haste {unknown}


   Skills:
 + Level 10.2 Fighting
 + Level 14.4 Axes
 + Level 10.8 Armour
 + Level 5.7 Dodging
 + Level 1.6 Stealth


You had 10 spell levels left.
You didn't know any spells.
Your spell library contained the following spells:

 Spells                   Type           Power        Failure   Level
 Beastly Appendage        Tmut           0%           99%         1
 Wereblood                Tmut           0%           100%        2
 Spider Form              Tmut/Pois      0%           100%        3
 Ice Form                 Ice/Tmut       0%           100%        4
 Blade Hands              Tmut           0%           100%        5


Dungeon Overview and Level Annotations

Branches:
Dungeon (11/15)            Temple (1/1) D:5             Orc (1/2) D:9
   Lair: D:8-11

Altars:
Ashenzari
Cheibriados
Dithmenos
Elyvilon
Fedhas
Gozag
Hepliaklqana
Kikubaaqudgha
Makhleb
Nemelex Xobeh
Okawaru
Qazlal
Ru
Sif Muna
Trog
Uskayaw
Vehumet
Wu Jian
Xom
Yredelemnul
Zin
The Shining One

Annotations:
D:11 Josephine


Innate Abilities, Weirdness & Mutations

You reflexively headbutt those who attack you in melee.
You have a pair of horns on your head.


Message History

The water moccasin barely misses you.
You completely miss the water moccasin.
The water moccasin is heavily wounded.
You slash the ice beast!
You melt the ice beast.
You hit Josephine. You burn Josephine.
* * * LOW HITPOINT WARNING * * *
You feel sick.
The ice beast hits you but does no damage.
The water moccasin bites you but does no damage.
Josephine hits you but does no damage.
The ice beast hits you but does no damage.
The water moccasin closely misses you.
You slice the water moccasin!! You burn the water moccasin!
You kill the water moccasin!
Trog accepts your kill.
You closely miss Josephine. You slash the ice beast!
You melt the ice beast.
You kill the ice beast!
Trog accepts your kill.
Trog will now gift you melee weapons as you gain piety.
You die...

##.#..##..#.. ...
...##....... ....
.#..##.#...####....
.##....##..........
..##.#..##.........
#....##............
##....##...........
.....o$@@.)).......
##....##.).########
#....##.......#
..##.#..##.).$#
.##....##..)..#
.#..##.#...<..#########
...##........†.........
##.#..##.......).......
...##................


You could see Josephine and an orc.

Vanquished Creatures
  Erica (D:8)
  A two-headed ogre (D:11)
  Pikel (D:5)
  2 gargoyles
  Psyche (D:8)
  Maggie (D:6)
  A troll (D:9)
  Sigmund (D:5)
  3 wraiths (D:11)
  A wyvern (D:10)
  Eustachio (D:5)
  Grum (D:8)
  4 vampire mosquitoes (D:10)
  A water moccasin (D:11)
  Duvessa (D:5)
  5 ice beasts
  7 orc warriors
  3 black bears
  2 phantoms
  3 sky beasts
  9 ogres
  4 wolves (D:8)
  3 centaurs
  4 lemures (D:5)
  A big kobold (D:9)
  Blork the orc (D:5)
  4 bullfrogs
  A gnoll sergeant (D:9)
  A water moccasin zombie (D:5)
  Dowan (D:5)
  3 scorpions
  10 wights (D:9)
  A quasit (D:10)
  2 bullfrog skeletons
  2 bullfrog zombies
  4 hounds
  3 orc priests
  12 orc wizards
  11 worker ants
  3 hound zombies
  A hound skeleton (D:6)
  6 gnolls
  A howler monkey skeleton (D:9)
  11 adders
  2 shadow imps (D:8)
  A white imp (D:6)
  4 ufetubi
  An ooze (D:7)
  2 adder skeletons
  6 worms
  2 dart slugs
  5 leopard geckos
  22 orcs
  A ball python (D:1)
  3 giant cockroaches
  11 goblins
  4 hobgoblins
  24 jackals
  4 quokkas (D:2)
  6 bats
  6 frilled lizards
  4 kobolds
  A quokka skeleton (D:2)
  7 rats
256 creatures vanquished.

Vanquished Creatures (collateral kills)
  An orc warrior (D:9)
  A big kobold (D:9)
  3 gnoll sergeants (D:9)
  2 gnolls (D:9)
  An orc (D:9)
8 creatures vanquished.

Vanquished Creatures (others)
  34 fungi (D:11)
  50 plants
84 creatures vanquished.

Grand Total: 348 creatures vanquished

Notes
Turn   | Place    | Note
-------+----------+-------------------------------------------
     0 | D:1      | Dagix the Minotaur Berserker began the quest for the Orb.
     0 | D:1      | Reached XP level 1. HP: 19/19 MP: 0/0
   257 | D:1      | Reached XP level 2. HP: 23/27 MP: 1/1
   276 | D:1      | Reached skill level 4 in Axes
   595 | D:1      | Reached ** piety under Trog
   596 | D:1      | Reached XP level 3. HP: 29/33 MP: 2/2
   599 | D:1      | You fall into a shaft and drop 1 floor!
  1070 | D:2      | Reached XP level 4. HP: 41/41 MP: 3/3
  1975 | D:3      | Found a transporter.
  2003 | D:3      | Found a transporter.
  2218 | D:4      | Noticed an ogre
  2241 | D:4      | Reached skill level 5 in Axes
  2241 | D:4      | Reached XP level 5. HP: 18/47 MP: 4/4
  2245 | D:4      | Reached skill level 5 in Fighting
  2246 | D:5      | Entered Level 5 of the Dungeon
  2246 | D:5      | Noticed Blork the orc
  2281 | D:4      | Killed an ogre
  2285 | D:4      | Reached XP level 6. HP: 23/56 MP: 5/5
  2603 | D:4      | Reached skill level 6 in Axes
  2953 | D:5      | Found a staircase to the Ecumenical Temple.
  2989 | Temple   | Entered the Ecumenical Temple
  3310 | D:5      | Killed Blork the orc
  3311 | D:5      | Reached skill level 5 in Armour
  3311 | D:5      | Reached XP level 7. HP: 56/62 MP: 6/6
  3348 | D:5      | Reached skill level 7 in Axes
  3369 | D:5      | Noticed Dowan
  3374 | D:5      | Killed Dowan
  3397 | D:5      | Noticed Duvessa
  3406 | D:5      | Killed Duvessa
  3722 | D:5      | Noticed Eustachio
  3738 | D:5      | Killed Eustachio
  3793 | D:5      | Noticed Sigmund
  3806 | D:5      | Reached *** piety under Trog
  3809 | D:5      | Reached XP level 8. HP: 50/70 MP: 7/7
  3846 | D:5      | Killed Sigmund
  3847 | D:5      | Reached skill level 8 in Axes
  3847 | D:5      | Reached skill level 1 in Stealth
  4055 | D:5      | Noticed Pikel
  4067 | D:5      | Killed Pikel
  4376 | D:5      | Found a snail-covered altar of Cheibriados.
  4513 | D:6      | Reached skill level 9 in Axes
  4534 | D:6      | Noticed Maggie
  4550 | D:6      | Killed Maggie
  4551 | D:6      | Reached XP level 9. HP: 69/78 MP: 8/8
  4559 | D:6      | Reached skill level 10 in Axes
  5395 | D:7      | Got a twisted chain mail
  5426 | D:7      | Identified the cursed +0 chain mail "Esagoet" {rN+} (You
                  | found it on level 7 of the Dungeon)
  5457 | D:7      | Found a blossoming altar of Fedhas.
  5756 | D:7      | Reached skill level 11 in Axes
  5951 | D:8      | Noticed Grum
  5975 | D:8      | Killed Grum
  5976 | D:8      | Reached skill level 5 in Dodging
  6366 | D:8      | Noticed Erica
  6423 | D:8      | Noticed a gargoyle
  6430 | D:8      | Killed a gargoyle
  6431 | D:8      | Reached XP level 10. HP: 32/90 MP: 9/9
  6754 | D:8      | Noticed Psyche
  6760 | D:8      | Killed Psyche
  6760 | D:8      | Reached **** piety under Trog
  6761 | D:8      | Reached skill level 12 in Axes
  6784 | D:8      | Killed Erica
  7590 | D:9      | Reached skill level 10 in Armour
  7621 | D:9      | Found a sparkling altar of Nemelex Xobeh.
  7740 | D:9      | Reached skill level 13 in Axes
  7802 | D:9      | Found a staircase to the Orcish Mines.
  7984 | Orc:1    | Entered Level 1 of the Orcish Mines
  8122 | D:10     | Entered Level 10 of the Dungeon
  8168 | D:10     | Reached XP level 11. HP: 64/99 MP: 10/10
  8439 | D:10     | Reached skill level 14 in Axes
  8543 | D:10     | Reached skill level 10 in Fighting
  8816 | D:11     | Noticed a two-headed ogre
  8823 | D:11     | Killed a two-headed ogre
  8829 | D:11     | Noticed Josephine
  8841 | D:11     | HP: 3/94 [wraith[Josephine] (3)]
  8848 | D:11     | HP: 2/94 [Josephine/vampiric draining (16)]
  8850 | D:11     | Reached ***** piety under Trog
  8850 | D:11     | Succumbed to a water moccasin's poison

Illustrated notes

Levels and vault maps discovered:
D:1:      minmay_arrival_diagonal_passages, layout_rooms, serial_bayou_pond_c
D:2:      layout_loops_ring, uniq_crazy_yiuf_cottage
D:3:      gammafunk_wand_slinger, layout_basic, minmay_surrounded
D:4:      layout_loops_ring, columned_hall_lemuel, serial_bayou_pond_d,
          kennysheep_generic_room_12
D:5:      layout_cave_pods, cheibriados_altar_1, minmay_temple_entry_ruins,
          uniq_pikel, uniq_sigmund, uniq_blork_the_orc, uniq_duvessa,
          uniq_eustachio
D:6:      layout_rooms, uniq_maggie
D:7:      layout_rooms, fedhas_altar_1
D:8:      layout_rooms, serial_co_window_serial, co_window_of_opportunity_a,
          co_window_paths_b, co_window_corner_a, co_window_paths_a,
          co_window_paths_a, co_window_corner_a, co_window_paths_a,
          co_window_corner_a, co_window_paths_a, co_window_of_opportunity_c,
          co_window_corner_ca, co_window_corner_b, glass_columns_b,
          glass_columns_c, glass_columns_c, glass_columns_a, glass_columns_b,
          uniq_grum, uniq_erica, uniq_psyche
D:9:      layout_roguey, kennysheep_orc_monster_closet_entryway, basic_altar
D:10:     layout_basic
D:11:     layout_grid_maze, due_lair_maze_entry_diamond, nicolae_wwwww,
          minmay_statues_item, uniq_josephine
Temple:   compressed_dpeg_triangle_lava_temple
Orc:1:    layout_caves

Skill      XL: |  1  2  3  4  5  6  7  8  9 10 11 |
---------------+----------------------------------+-----
Axes           | 4 5 6 7 9 11 13 14 | 14.4
Fighting       | 4 5 6 8 9 10 | 10.2
Armour         | 3 4 5 6 8 9 10 | 10.8
Dodging        | 3 4 5 |  5.7
Stealth        | 1 |  1.6

Action                   |  1- 3 |  4- 6 |  7- 9 | 10-12 || total
-------------------------+-------+-------+-------+-------++-------
Melee: Hand axe          |   112 |   102 |   125 |       ||   339
       Headbutt          |    28 |    21 |    49 |    44 ||   142
       Broad axe         |       |       |    77 |   177 ||   254
Invok: Trog's Hand       |       |     1 |     3 |     2 ||     6
       Berserk           |       |     1 |     1 |       ||     2
       Brothers in Arms  |       |       |       |     1 ||     1
  Use: Potion            |       |     3 |     1 |     4 ||     8
       Scroll            |       |     1 |     6 |     1 ||     8
Armor: Animal skin       |     4 |       |       |       ||     4
       Ring mail         |    29 |    10 |       |       ||    39
       Scale mail        |       |    28 |    39 |       ||    67
       Plate armour      |       |       |   117 |   167 ||   284
       Skin              |       |       |       |    48 ||    48
Dodge: Dodged            |    59 |    68 |   120 |   132 ||   379
